 Dungeon Crawl Stone Soup version 0.27-a0-457-gba82baf56e (webtiles) character file.

Game seed: 185483607742496354

28 Chiseanne the Magician (level 3, 24/24 HPs)
             Began as a Demonspawn Wanderer on Feb 28, 2021.
             Quit the game on level 2 of the Dungeon.
             The game lasted 00:02:28 (2733 turns).

Chiseanne the Magician (Demonspawn Wanderer)        Turns: 2733, Time: 00:02:28

Health: 24/24      AC:  2    Str: 10    XL:     3   Next: 0%
Magic:  7/7        EV: 11    Int: 17    God:
Gold:   115        SH:  0    Dex: 11    Spells: 7/8 levels left

rFire    . . .     SeeInvis .   a - +0 dagger
rCold    . . .     Faith    .   (no shield)
rNeg     . . .     Spirit   .   d - +0 robe
rPois    .         Reflect  .   (no helmet)
rElec    .         Harm     .   (no cloak)
rCorr    .         Rampage  .   (no gloves)
Will     .....                  (no boots)
Stlth    +.........             (no amulet)
HPRegen  0.08/turn              (no ring)
MPRegen  0.10/turn              (no ring)

@: no status effects
A: talons 1, powered by pain 1
a: no special abilities


You were on level 2 of the Dungeon.
You visited 1 branch of the dungeon, and saw 2 of its levels.

You collected 115 gold pieces.

Inventory:

Hand Weapons
 a - a +0 dagger (weapon)
 f - a +0 mace
Missiles
 b - 71 stones (quivered)
 c - 17 bolts
 h - 39 sling bullets
Armour
 d - a +0 robe (worn)
Scrolls
 e - a scroll of teleportation
 i - a scroll of immolation {unknown}
Potions
 g - a potion of brilliance {unknown}


   Skills:
 + Level 0.9 Dodging
 - Level 1.0 Stealth
 - Level 1.0 Shields
 * Level 3.4 Spellcasting
 - Level 1.0 Hexes
 - Level 2.0 Summonings
 - Level 1.7 Translocations
 * Level 1.3 Transmutations


You had 7 spell levels left.
You knew the following spells:

 Your Spells              Type           Power        Failure   Level
a - Sting                 Tmut/Pois      20%          13%         1

Your spell library contained the following spells:

 Spells                   Type           Power        Failure   Level
 Corona                   Hex            6%           11%         1
 Ensorcelled Hibernation  Hex/Ice        8%           21%         2
 Portal Projectile        Hex/Tloc       14%          28%         3
 Confusing Touch          Hex            6%           32%         3
 Tukima's Dance           Hex            6%           32%         3
 Spider Form              Tmut/Pois      2%           36%         3
 Dazzling Flash           Conj/Hex       8%           38%         3


Dungeon Overview and Level Annotations

Branches:
Dungeon (2/15)

Altars:
Ashenzari
Fedhas


Innate Abilities, Weirdness & Mutations

You have sharp toenails.
You sometimes gain a little power by taking damage.


Message History

Aiming: Sting (safe; 14% risk of failure)
Press: ? - help, Shift-Dir - straight line, f/p - bat
Aim: a bat (heavily wounded, poisoned, 53% to evade)
The sting hits the bat.
The bat looks even sicker.
You kill the bat!
Casting: Sting (safe; 14% risk of failure)
Confirm with . or Enter, or press ? or * to list all spells.
Aiming: Sting (safe; 14% risk of failure)
Press: ? - help, Shift-Dir - straight line, f - you That beam is likely to hit you.
Continue anyway? [Y]es or [N]o only, please.
That beam is likely to hit you.
Continue anyway?
Okay, then.
There is an open door here.
Found a book of Maledictions.
You see here a book of Maledictions.
A bat comes into view.
A bat is nearby!
A bat is nearby!
Casting: Sting (safe; 14% risk of failure)
Confirm with . or Enter, or press ? or * to list all spells.
Aiming: Sting (safe; 14% risk of failure)
Press: ? - help, Shift-Dir - straight line, f - you That beam is likely to hit you.
Continue anyway? [Y]es or [N]o only, please.
That beam is likely to hit you.
Continue anyway? [Y]es or [N]o only, please.
That beam is likely to hit you.
Continue anyway? [Y]es or [N]o only, please.
That beam is likely to hit you.
Continue anyway?
Okay, then.
The bat hits you but does no damage.
You hit the bat.
You kill the bat!
You have reached level 3!
Your experience leads to an increase in your attributes!
Increase (s)trength, (i)ntelligence, or (d)exterity?
You feel clever.
Your demonic ancestry asserts itself...
Your toenails lengthen and sharpen.
Are you sure you want to abandon this character and quit the game? (Confirm with "yes".)

..... . ....### ... ........ ....
.. # .#.#..#######.... ... .
...#.#......... #..
....#...#.#............ ≈
..#'#........#...#......# ..
≈#.......#.....†@..#.....# .#..#
≈. ....#.#....##...##....# ......
≈. ....#.#.....#...##:##.# ..####
≈.##.....# ....#...#..#⌠.##'.#.⌠.
##..†....# ... #......#..........
.........#.........#####.......##
.........#.#####...#...#.......#
............. ..<..'...'..._...+
#........### #####.....#.......#


There were no monsters in sight!

Vanquished Creatures
  A leopard gecko (D:1)
  2 ball pythons (D:1)
  6 bats
  2 giant cockroaches (D:1)
  2 goblins (D:2)
  5 hobgoblins
  3 frilled lizards (D:1)
  2 kobolds (D:1)
  3 rats
26 creatures vanquished.

Notes
Turn   | Place    | Note
-------+----------+-------------------------------------------
     0 | D:1      | Chiseanne the Demonspawn Wanderer began the quest for the
                  | Orb.
     0 | D:1      | Chiseanne set off with the following items: a +0 dagger, a
                  | +0 robe; and the following spells available to memorise:
                  | Corona, Sting, Ensorcelled Hibernation, Portal Projectile,
                  | Confusing Touch, Tukima's Dance, Dazzling Flash, Spider
                  | Form
     0 | D:1      | Reached XP level 1. HP: 13/13 MP: 4/4
    13 | D:1      | Learned a level 1 spell: Sting
   971 | D:1      | Gained mutation: You sometimes gain a little power by
                  | taking damage. [demonic ancestry]
   971 | D:1      | Reached XP level 2. HP: 19/19 MP: 4/6
  1139 | D:1      | Reached skill level 1 in Transmutations
  2408 | D:2      | Found a broken altar of Ashenzari.
  2563 | D:2      | Found a blossoming altar of Fedhas.
  2733 | D:2      | Gained mutation: You have sharp toenails. [demonic
                  | ancestry]
  2733 | D:2      | Reached XP level 3. HP: 24/24 MP: 7/7
  2733 | D:2      | Quit the game

Illustrated notes

Levels and vault maps discovered:
D:1:      heliophobic_arrival_battle_scene, layout_loops_ring
D:2:      layout_basic, led_sif_pool, nicolae_overflow_crystal_walls,
          chequers_serial_rivers_micro_b, st_stairs_5, evilmike_ruin_ashenzari

Skill      XL: |  1  2 |
---------------+-------+-----
Transmutations | 1 |  1.3
Dodging        | |  0.9
Stealth        | |  1.0
Shields        | |  1.0
Spellcasting   | |  3.4
Hexes          | |  1.0
Summonings     | |  2.0
Translocations | |  1.7

Action                   || total
-------------------------++-------
Melee: Dagger            ||    15
 Cast: Sting             ||    52
  Use: Scroll            ||     3
 Stab: Sleeping          ||     1
Armor: Robe              ||     9
Dodge: Dodged            ||    32

Table legend: (Time is in decaauts)
 A = Elapsed time spent in this place.
 B = Non-inter-level travel time spent in this place.
 C = Inter-level travel time spent in this place.
 D = Time resting spent in this place.
 E = Time spent auto-exploring this place.
 F = Levels seen in this place.
 G = Mean time per level.
                   A        B        C        D        E       F      G
               +--------+--------+--------+--------+--------+-----+--------+
         Total |   2732 |   2716 |     16 |   1498 |   1021 |   2 | 1366.0 |
       Dungeon |   2732 |   2716 |     16 |   1498 |   1021 |   2 | 1366.0 |
               +--------+--------+--------+--------+--------+-----+--------+

Top non-repeatable levels by time:
     D:1: 2201 daAuts
     D:2: 531 daAuts
